 Dungeon Crawl Stone Soup version 0.29.1-1-gd02db6906a (webtiles) character file.

Game seed: 15434163379792995734

2949 RogueRain17 the Destroyer (level 9, 0/57 HPs)
             Began as a Demonspawn Fire Elementalist on Sept 18, 2022.
             Shot with a bolt by an orc warrior (19 damage)
             ... on level 6 of the Dungeon.
             The game lasted 00:32:27 (7653 turns).

RogueRain17 the Destroyer (DsFE)                    Turns: 7653, Time: 00:32:27

Health: 0/57       AC:  4    Str:  7    XL:     9   Next: 51%
Magic:  7/13       EV: 16    Int: 24    God:
Gold:   218        SH:  0    Dex: 14    Spells: 6/14 levels left

rFire   + + +      SeeInvis .   g - +8 sling of Fostyj {freeze, rF+ rC+ Str-2 Int+2}
rCold   . . .      Faith    .   (no shield)
rNeg    . . .      Spirit   .   D - +2 robe {rF+}
rPois   .          Reflect  .   (no helmet)
rElec   .          Harm     .   (no cloak)
rCorr   .          Rampage  .   (no gloves)
Will    .....                   (no boots)
Stlth   ++........              (no amulet)
HPRegen 0.19/turn               o - +4 ring of evasion
MPRegen 0.13/turn               c - ring of fire

@: no status effects
A: ignite blood 2, big brain 1, weakness stinger 1
a: no special abilities


You were on level 6 of the Dungeon.
You visited 1 branch of the dungeon, and saw 6 of its levels.
You also visited: Sewer.

You collected 218 gold pieces.

Inventory:

Hand Weapons
 g - the +8 sling of Fostyj (weapon) {freeze, rF+ rC+ Str-2 Int+2}
   (You took it off a gnoll on level 4 of the Dungeon)

   Any ammunition fired from it freezes those it strikes, dealing additional
   cold damage.
   It can also slow down cold-blooded creatures.
   Str:       It affects your strength (-2).
   Int:       It affects your intelligence (+2).
   rF:        It protects you from fire.
   rC:        It protects you from cold.
 l - a +1 dagger of venom
 C - a +0 dagger of pain
Armour
 a - a +0 robe
 z - a +1 leather armour of poison resistance
 D - a +2 robe of fire resistance (worn)
Jewellery
 c - a ring of fire (right hand)
 d - a +6 ring of dexterity
 k - a +4 ring of evasion
 o - a +4 ring of evasion (left hand)
 p - a ring of fire
 q - the ring "Diamugh" {Fly rPois rF- rC+}
   (You found it on level 3 of the Dungeon)

   [ring of poison resistance]

   rF:        It makes you vulnerable to fire.
   rC:        It protects you from cold.
   rPois:     It protects you from poison.
   Fly:       It grants you flight.
 u - a +6 ring of dexterity
 v - a ring of protection from fire
Wands
 x - a wand of digging (2)
Scrolls
 h - 2 scrolls of vulnerability
 i - 3 scrolls of enchant weapon
 m - a scroll of amnesia {unknown}
 r - a scroll of immolation
 s - 4 scrolls of identify
 w - a scroll of poison {unknown}
 y - a scroll of magic mapping {unknown}
 A - a scroll of blinking {unknown}
 B - a scroll of silence {unknown}
Potions
 b - 2 potions of magic
 e - 3 potions of curing
 f - 7 potions of flight
 j - a potion of invisibility {unknown}
 n - 4 potions of mutation
 t - a potion of brilliance {unknown}


   Skills:
 + Level 6.2 Ranged Weapons
 - Level 1.7 Dodging
 - Level 1.7 Stealth
 - Level 3.0 Spellcasting
 - Level 8.0 Conjurations
 - Level 6.0 Fire Magic
 + Level 4.2 Air Magic


You had 6 spell levels left.
You knew the following spells:

 Your Spells              Type           Power      Damage    Failure   Level
a - Foxfire               Conj/Fire      100%       2x1d9     1%          1
b - Flame Wave            Conj/Fire      54%        2d13      6%          4
c - Swiftness             Air            24%        N/A       5%          3

Your spell library contained the following spells:

 Spells                   Type           Power      Damage    Failure   Level
 Magic Dart               Conj           100%       1d8       1%          1
 Scorch                   Fire           96%        2d10      1%          2
 Conjure Flame            Conj/Fire      54%        6-21      1%          3
 Mephitic Cloud           Conj/Pois/Air  23%        N/A       6%          3
 Poisonous Vapours        Pois/Air       26%        N/A       7%          2
 Inner Flame              Hex/Fire       27%        N/A       10%         3
 Call Imp                 Summ           3%         N/A       16%         2
 Ensorcelled Hibernation  Hex/Ice        6%         N/A       16%         2
 Passwall                 Tmut/Erth      2%         N/A       16%         2
 Freezing Cloud           Conj/Ice/Air   11%        6-21      50%         5
 Corpse Rot               Necr/Pois/Air  10%        N/A       52%         4
 Simulacrum               Ice/Necr       1%         N/A       100%        6
 Polar Vortex             Ice            1%         N/A       100%        9


Dungeon Overview and Level Annotations

Branches:
Dungeon (6/15)             Temple (0/1) D:4           Sewer (visited)

Altars:
Ashenzari
Cheibriados
Dithmenos
Fedhas
Okawaru
Uskayaw
Yredelemnul

Shops:
D:1 *   D:3 !   D:6 (

Annotations:
D:4 exclusion: door


Innate Abilities, Weirdness & Mutations

Your demonic aura often causes spilled blood to erupt in flames.
You have an unusually large brain. (Int +2)
You have a small tail.


Message History

You shoot a sling bullet. The sling bullet hits the orc warrior.
The sling bullet freezes the orc warrior.
The orc warrior is heavily wounded.
Your magical contamination has completely faded away.
You shoot a sling bullet. The sling bullet hits the orc!
The sling bullet freezes the orc.
You kill the orc!
You shoot a sling bullet. The sling bullet hits the orc warrior!
The sling bullet freezes the orc warrior.
You kill the orc warrior!
You start resting.
An orc wizard comes into view. It is wielding a +0 dagger.
An orc wizard is nearby!
You shoot a sling bullet. The orc wizard shouts!
The sling bullet hits the orc wizard.
The sling bullet freezes the orc wizard.
The orc wizard is lightly wounded.
You shoot a sling bullet. The sling bullet hits the orc wizard.
The sling bullet freezes the orc wizard.
The orc wizard is severely wounded.
You shoot a sling bullet. The sling bullet hits the orc wizard.
The sling bullet freezes the orc wizard.
You kill the orc wizard!
You start resting.
An orc warrior comes into view. It is wielding a +0 scimitar.
You shoot a sling bullet. The orc warrior shouts!
The sling bullet hits the orc warrior.
The sling bullet freezes the orc warrior.
The orc warrior is lightly wounded.
You shoot a sling bullet.
The sling bullet closely misses the orc warrior.
You shoot a sling bullet.
The sling bullet barely misses the orc warrior.
The orc warrior unwields a +0 scimitar.
The orc warrior wields a +0 arbalest.
The orc warrior shoots a bolt.
The bolt hits you!!
You hear a shout!
The orc warrior shoots a bolt.
The bolt hits you!!
You die...

....# ....# ....# #'###
#...##### '.......###
#.........#
#.......#.##############
†..).†......).)§@.......
~~~~~≈~...)~~~~≈≈~~~~~~~
≈≈≈≈≈≈~†...~≈≈≈≈≈≈≈≈≈≈≈≈
~~≈~~~~....~≈~~~~~~~~≈~#
...........)......$....#
#######'''o#############
#....# #...)#


You could see an orc warrior.

Vanquished Creatures
  Pikel (D:5)
  Eustachio (D:4)
  Duvessa (D:6)
  An ice beast (D:6)
  2 black bears
  An orc warrior (D:6)
  3 ogres
  A lemure (D:5)
  Blork the orc (D:5)
  2 necrophages (D:4)
  A gnoll sergeant (D:6)
  2 scorpions (D:4)
  Dowan (D:6)
  5 wights
  3 howler monkeys (D:6)
  A gnoll bouda (D:6)
  2 hounds
  3 orc priests
  2 jellies
  4 iguanas
  2 orc wizards (D:6)
  A scorpion zombie (D:4)
  A hound zombie (D:4)
  A howler monkey zombie (D:4)
  9 gnolls
  6 river rats
  13 adders
  An ufetubus (D:5)
  A worm (Sewer)
  3 dart slugs
  13 orcs
  3 endoplasms
  6 giant cockroaches
  9 goblins
  6 hobgoblins
  11 jackals
  6 quokkas
  13 ball pythons
  13 bats
  5 frilled lizards
  8 kobolds
  8 rats
177 creatures vanquished.

Vanquished Creatures (others)
  309 foxfires
309 creatures vanquished.

Grand Total: 486 creatures vanquished

Notes
Turn   | Place    | Note
-------+----------+-------------------------------------------
     0 | D:1      | RogueRain17 the Demonspawn Fire Elementalist began the
                  | quest for the Orb.
     0 | D:1      | Reached XP level 1. HP: 13/13 MP: 3/3
   162 | D:1      | Found Kideotui's General Store.
   296 | D:1      | Gained mutation: Your demonic aura sometimes causes spilled
                  | blood to erupt in flames. [demonic ancestry]
   296 | D:1      | Reached XP level 2. HP: 19/19 MP: 3/5
   331 | D:1      | Reached skill level 2 in Conjurations
  1238 | D:2      | Found a faded altar of an unknown god.
  1346 | D:2      | Gained mutation: Your demonic aura often causes spilled
                  | blood to erupt in flames. [demonic ancestry]
  1346 | D:2      | Reached XP level 3. HP: 24/24 MP: 2/6
  1924 | D:2      | Reached skill level 3 in Conjurations
  2013 | D:2      | Reached XP level 4. HP: 30/30 MP: 2/7
  2521 | D:3      | Found a shadowy altar of Dithmenos.
  2696 | D:3      | Found a glowing drain.
  2704 | Sewer    | Entered a sewer
  2809 | Sewer    | Reached skill level 4 in Conjurations
  2935 | Sewer    | Gained mutation: You have an unusually large brain. (Int
                  | +2) [demonic ancestry]
  2935 | Sewer    | Reached XP level 5. HP: 35/35 MP: 6/8
  3728 | D:3      | Identified the ring "Diamugh" {Fly rPois rF- rC+}
  3773 | D:3      | Found Geah's Distillery.
  4178 | D:4      | Reached skill level 5 in Conjurations
  4178 | D:4      | Gained mutation: You have a small tail. [demonic ancestry]
  4178 | D:4      | Reached XP level 6. HP: 41/41 MP: 4/9
  4381 | D:4      | Found a basalt altar of Yredelemnul.
  4436 | D:4      | Reached skill level 6 in Conjurations
  4436 | D:4      | Reached XP level 7. HP: 28/46 MP: 2/10
  4650 | D:4      | Identified the +8 sling of Fostyj {freeze, rF+ rC+ Str-2
                  | Int+2}
  4894 | D:4      | Reached skill level 5 in Fire Magic
  5117 | D:4      | Found a staircase to the Ecumenical Temple.
  5146 | D:4      | Found an iron altar of Okawaru.
  5406 | D:4      | Reached skill level 1 in Ranged Weapons
  5406 | D:4      | Reached skill level 7 in Conjurations
  5682 | D:4      | Noticed Eustachio
  5694 | D:4      | Killed Eustachio
  5695 | D:4      | Reached XP level 8. HP: 52/52 MP: 9/11
  5770 | D:4      | Learned a level 4 spell: Flame Wave
  5850 | D:5      | Entered Level 5 of the Dungeon
  5850 | D:5      | Noticed Blork the orc
  5858 | D:5      | Killed Blork the orc
  6000 | D:5      | Found a snail-covered altar of Cheibriados.
  6089 | D:5      | Reached skill level 8 in Conjurations
  6264 | D:5      | Found a hide-covered altar of Uskayaw.
  6358 | D:6      | Noticed Duvessa
  6358 | D:6      | Noticed Dowan
  6358 | D:6      | Found Fuzecw's Weapon Shop.
  6365 | D:6      | Killed Duvessa
  6369 | D:6      | Killed Dowan
  6484 | D:6      | Found a broken altar of Ashenzari.
  6489 | D:6      | Learned a level 3 spell: Swiftness
  6540 | D:6      | Found a blossoming altar of Fedhas.
  6594 | D:6      | Reached skill level 5 in Ranged Weapons
  6621 | D:6      | Noticed Pikel
  7153 | D:5      | Killed Pikel
  7154 | D:5      | Reached XP level 9. HP: 57/57 MP: 11/13
  7290 | D:6      | Found the +15 Maxwell's patent armour {-Cast -Tele rElec
                  | Will+ rCorr}
  7653 | D:6      | Shot with a bolt by an orc warrior

Illustrated notes

Levels and vault maps discovered:
D:1:      dpeg_arrival_houses_and_road, layout_basic, serial_shops,
          nicolae_shop_crystal
D:2:      layout_basic, dreamdust_ecumenical_altar_hidden_monk_grotto
D:3:      layout_basic, nicolae_dithmenos_the_darkroom, serial_shops,
          nicolae_shop_stone, portal_sewer_entry_e, minmay_misc_feat_hallway,
          lemuel_flame_loot_1
D:4:      layout_loops_ring, okawaru_altar_gauntlet_db,
          lemuel_mausoleum_altar_yredelemnul, minmay_temple_entry_fiery,
          uniq_eustachio
D:5:      layout_basic, kennysheep_mini, mainiacjoe_overflow_six_doors_small,
          uniq_blork_the_orc
D:6:      lemuel_castle_with_subvaults [lemuel_castle_interior_carwin_3],
          layout_gridville, fedhas_ov_isle_minmay, nicolae_ashenzari_panopticon,
          serial_shops, nicolae_shop_bloodbath_and_beyond, uniq_pikel,
          uniq_duvessa, uniq_menkaure

Skill      XL: |  1  2  3  4  5  6  7  8  9 |
---------------+----------------------------+-----
Conjurations   | 2 3 4 5 6 7 8 |  8.0
Fire Magic     | 3 4 5 6 |  6.0
Ranged Weapons | 2 5 6 |  6.2
Spellcasting   | 3 |  3.0
Air Magic      | 3 4 |  4.2
Dodging        | |  1.7
Stealth        | |  1.7

Action                   |  1- 3 |  4- 6 |  7- 9 || total
-------------------------+-------+-------+-------++-------
Melee: Unarmed           |     3 |       |       ||     3
       Dagger            |       |     8 |     8 ||    16
       Tailslap          |       |     1 |     1 ||     2
 Fire: Sling             |       |       |   164 ||   164
 Cast: Foxfire           |    60 |    94 |    27 ||   181
       Flame Wave        |       |       |     9 ||     9
  Use: Scroll            |       |     6 |     2 ||     8
       Potion            |       |       |     4 ||     4
Armor: Robe              |     4 |     1 |     5 ||    10
Dodge: Dodged            |    23 |    47 |    44 ||   114
